 Dungeon Crawl Stone Soup version 0.29-a0-88-g03a7b78be7 (webtiles) character file.

Game seed: 7473698788380281564

6918 lordive the Grappler (level 10, -4/92 HPs)
             Began as a Troll Warper on Feb 5, 2022.
             Slain by a yak (16 damage)
             ... on level 8 of the Dungeon.
             The game lasted 00:15:50 (8335 turns).

lordive the Grappler (Troll Warper)                 Turns: 8335, Time: 00:15:51

Health: -4/92      AC:  5    Str: 21    XL:     10   Next: 79%
Magic:  11/11      EV: 11    Int: 13    God:
Gold:   413        SH:  5    Dex:  9    Spells: 4/12 levels left

rFire   . . .      SeeInvis +     - Unarmed
rCold   + . .      Faith    .   (no shield)
rNeg    . . .      Spirit   .   a - +0 robe
rPois   .          Reflect  +   o - +1 hat {SInv}
rElec   .          Harm     .   (no cloak)
rCorr   .          Rampage  .   (gloves unavailable)
Will    ++...                   (boots unavailable)
Stlth   ++........              u - amulet of reflection
HPRegen 1.05/turn               g - ring of willpower
MPRegen 0.12/turn               d - ring of Arrival {rC+ Will+ SInv}

@: no status effects
A: large, unfitting armour, claws 3, regeneration 1, shaggy fur 1, tough skin 1
a: no special abilities


You were on level 8 of the Dungeon.
You visited 2 branches of the dungeon, and saw 9 of its levels.

You collected 413 gold pieces.

Inventory:

Hand Weapons
 F - the +5 rapier "Jotteoq" {chaos, rElec rC+ Dex+4 Stlth-}
   (You took it off a kobold brigand on level 7 of the Dungeon)

   Each time it hits an enemy it has a different, random effect.
   Dex:       It affects your dexterity (+4).
   rC:        It protects you from cold.
   rElec:     It insulates you from electricity.
   Stlth:     It makes you less stealthy.
Missiles
 c - 5 boomerangs of dispersal
 y - 3 boomerangs
 E - 16 poisoned darts (quivered)
 H - a curare-tipped dart
Armour
 a - a +0 robe (worn)
 o - a +1 hat of see invisible (worn)
 r - +0 acid dragon scales
 C - +0 swamp dragon scales
Jewellery
 d - the ring of Arrival (right claw) {rC+ Will+ SInv}
   (You acquired it on level 8 of the Dungeon)

   [ring of see invisible]

   rC:        It protects you from cold.
   SInv:      It lets you see invisible.
   Will:      It increases your willpower.
 g - a ring of willpower (left claw)
 s - a ring of magical power
 u - an amulet of reflection (around neck)
 v - an amulet of the acrobat
Wands
 n - a wand of flame (6)
 z - a wand of digging (9)
 B - a wand of paralysis (5)
Scrolls
 b - 2 scrolls of blinking
 e - a scroll of magic mapping
 h - a scroll of immolation
 j - a scroll of holy word
 k - 4 scrolls of vulnerability {unknown}
 l - 2 scrolls of enchant armour {unknown}
 m - a scroll of enchant weapon {unknown}
 p - 2 scrolls of teleportation {unknown}
 q - a scroll of fog {unknown}
 t - 2 scrolls of amnesia {unknown}
 A - a scroll of fear {unknown}
 D - a scroll of torment {unknown}
Potions
 f - 4 potions of brilliance
 i - a potion of haste
 x - a potion of heal wounds
 G - a potion of lignification


   Skills:
 + Level 3.7 Fighting
 - Level 0.8 Throwing
 * Level 2.8 Armour
 + Level 5.3 Dodging
 + Level 3.0 Stealth
 + Level 0.8 Shields
 + Level 11.0 Unarmed Combat
 + Level 1.7 Spellcasting
 * Level 6.2 Translocations
 + Level 0.6 Evocations


You had 4 spell levels left.
You knew the following spells:

 Your Spells              Type           Power      Damage    Failure   Level
a - Blink                 Tloc           34%        N/A       3%          2
b - Lesser Beckoning      Tloc           17%        N/A       6%          3
c - Teleport Other        Tloc           17%        N/A       6%          3

Your spell library contained the following spells:

 Spells                   Type           Power      Damage    Failure   Level
 Gell's Gravitas          Tloc           17%        N/A       6%          3
 Manifold Assault         Tloc           17%        N/A       50%         5


Dungeon Overview and Level Annotations

Branches:
Dungeon (8/15)             Temple (1/1) D:5
   Lair: D:8-11

Altars:
Ashenzari
Dithmenos
Elyvilon
Fedhas
Gozag
Hepliaklqana
Kikubaaqudgha
Makhleb
Nemelex Xobeh
Qazlal
Ru
Sif Muna
Trog
Uskayaw
Vehumet
Xom
Yredelemnul
Zin
The Shining One

Shops:
D:2 *

Annotations:
D:3 2 transporters, knot's ghost, amateur DsBe


Innate Abilities, Weirdness & Mutations

You are too large for most types of armour.
You have claws for hands.
Your natural rate of healing is unusually fast.
You are covered in fur. (AC +1)
You have tough skin. (AC +1)


Message History

The yak is almost dead.
You claw the yak!
You kill the yak!
You feel your strength returning.
Your Unarmed Combat skill increases to level 11!
You mangle the yak!!
The yak is heavily wounded.
The yak closely misses you.
You claw the yak!
The yak is severely wounded.
The yak gores you.
You claw the yak!
You kill the yak!
You claw the yak!
The yak is moderately wounded.
You block the yak's attack.
You scratch the yak.
The yak is heavily wounded.
You block the yak's attack.
You scratch the yak.
The yak is severely wounded.
The yak gores you!
You completely miss the yak.
The yak is severely wounded.
The yak gores you!
* * * LOW HITPOINT WARNING * * *
You scratch the yak but do no damage.
The yak is severely wounded.
You claw the yak!
The yak is almost dead.
The yak gores you!
* * * LOW HITPOINT WARNING * * *
You barely miss the yak.
The yak is almost dead.
The yak gores you.
* * * LOW HITPOINT WARNING * * *
You scratch the yak but do no damage.
The yak is almost dead.
The yak gores you!
You die...

.########......#..##)#...........
.)..# #......##)#....#.......##
....# #......##.##.#.#...)...##
....#####......##..............##
...............##....)...........
.............####.)#<#......###..
.............####.)..#......# #..
...............##.#).#......# #..
...............Y@...........# ###
............#####.#+#....# #
####..........##........# #
+......[...##....#########
##++####..........##......##.....
......)...........##......##.....
..?....)..........##......##.....
..Y†...)).........##......##.....
..................###.....##.....


You could see a yak.

Vanquished Creatures
  Gastronok (D:8)
  Pikel (D:4)
  Joseph (D:8)
  Maggie (D:7)
  Sigmund (D:6)
  5 yaks (D:8)
  A steam dragon (D:7)
  Menkaure (D:6)
  An acid dragon (D:8)
  4 water moccasins
  An orc warrior (D:6)
  A black bear (D:6)
  A sky beast (D:7)
  A hornet zombie (D:6)
  2 necrophages
  2 centaurs
  5 ogres
  3 kobold brigands
  The ghost of lordive the Ducker, an amateur SpAK of Lugonu (D:4)
  4 bullfrogs
  A gnoll sergeant (D:7)
  A wyvern zombie (D:8)
  A water moccasin zombie (D:5)
  A wyvern skeleton (D:7)
  9 wights
  An electric eel (D:7)
  4 howler monkeys
  A gnoll shaman (D:8)
  A bullfrog zombie (D:7)
  3 hounds
  An orc priest (D:8)
  2 jellies
  2 iguanas
  A scorpion zombie (D:5)
  4 orc wizards
  A hound skeleton (D:5)
  6 gnolls
  6 adders
  An adder skeleton (D:3)
  2 worms
  2 dart slugs
  24 orcs
  10 endoplasms
  A giant cockroach (D:3)
  7 goblins
  9 hobgoblins
  9 jackals
  18 kobolds
  2 quokkas
  9 ball pythons
  2 bats (D:2)
  5 frilled lizards
  15 rats
200 creatures vanquished.

Vanquished Creatures (others)
  9 plants
9 creatures vanquished.

Grand Total: 209 creatures vanquished

Notes
Turn   | Place    | Note
-------+----------+-------------------------------------------
     0 | D:1      | lordive the Troll Warper began the quest for the Orb.
     0 | D:1      | Reached XP level 1. HP: 19/19 MP: 1/1
   187 | D:1      | Reached XP level 2. HP: 27/27 MP: 2/2
   833 | D:3      | Reached XP level 3. HP: 33/33 MP: 4/4
  1023 | D:4      | Found a runed translucent door.
  1031 | D:4      | Noticed Pikel
  1033 | D:4      | Noticed a lemure
  1033 | D:4      | Noticed a lemure
  1033 | D:4      | Noticed a lemure
  1034 | D:4      | Noticed a lemure
  1077 | D:4      | Killed Pikel
  1078 | D:4      | Reached skill level 4 in Unarmed Combat
  1078 | D:4      | Reached XP level 4. HP: 39/42 MP: 5/5
  1078 | D:4      | Reached XP level 5. HP: 45/49 MP: 6/6
  1078 | D:4      | Reached XP level 6. HP: 53/57 MP: 7/7
  1093 | D:4      | Learned a level 2 spell: Blink
  1097 | D:4      | Learned a level 3 spell: Lesser Beckoning
  1101 | D:4      | Learned a level 3 spell: Teleport Other
  1277 | D:4      | Reached skill level 1 in Stealth
  1277 | D:4      | Reached skill level 5 in Unarmed Combat
  1277 | D:4      | Reached XP level 7. HP: 58/65 MP: 8/8
  1463 | D:4      | Found a sacrificial altar of Ru.
  1712 | D:4      | Noticed lordive's ghost (amateur SpAK)
  1730 | D:4      | Killed lordive's ghost
  1778 | D:5      | Entered Level 5 of the Dungeon
  1853 | D:5      | Reached skill level 6 in Unarmed Combat
  1951 | D:5      | Reached XP level 8. HP: 49/72 MP: 9/9
  2109 | D:5      | Found a staircase to the Ecumenical Temple.
  2221 | Temple   | Entered the Ecumenical Temple
  2497 | D:3      | Noticed a small abomination
  2503 | D:3      | Found a transporter.
  2503 | D:3      | Noticed knot's ghost (amateur DsBe)
  2509 | D:3      | Noticed a toenail golem
  2519 | D:3      | Found a transporter.
  3328 | D:3      | Found a faded altar of an unknown god.
  4141 | D:2      | Found Ohees's General Store.
  4313 | D:5      | Found a blossoming altar of Fedhas.
  4454 | D:5      | Reached skill level 7 in Unarmed Combat
  4814 | D:6      | Noticed Sigmund
  4825 | D:6      | Killed Sigmund
  4835 | D:6      | Reached skill level 8 in Unarmed Combat
  5022 | D:6      | Reached XP level 9. HP: 42/75 MP: 10/10
  5306 | D:6      | Noticed Menkaure
  5354 | D:6      | Killed Menkaure
  5441 | D:6      | Reached skill level 5 in Translocations
  5851 | D:7      | Reached skill level 9 in Unarmed Combat
  6602 | D:7      | Found a large runed translucent door.
  6605 | D:7      | Found a large runed translucent door.
  6605 | D:7      | Found a shimmering altar of Xom.
  6724 | D:7      | Noticed Maggie
  6735 | D:7      | Killed Maggie
  7272 | D:7      | Found a white marble altar of Elyvilon.
  7362 | D:7      | Identified the +5 rapier "Jotteoq" {chaos, rElec rC+ Dex+4
                  | Stlth-}
  7450 | D:7      | Reached skill level 10 in Unarmed Combat
  7450 | D:7      | Reached XP level 10. HP: 91/91 MP: 11/11
  7697 | D:8      | Reached skill level 1 in Armour
  7697 | D:8      | Reached skill level 5 in Dodging
  7704 | D:8      | Noticed Joseph
  7725 | D:8      | Killed Joseph
  7833 | D:8      | Identified a scroll of acquirement
  7835 | D:8      | Acquired the ring of Arrival {rC+ Will+ SInv}
  8160 | D:8      | Noticed Gastronok
  8186 | D:8      | Killed Gastronok
  8325 | D:8      | Reached skill level 11 in Unarmed Combat
  8335 | D:8      | Slain by a yak

Illustrated notes

Levels and vault maps discovered:
D:1:      elethiomel_arrival_infinity_welcomes_careful_drivers, layout_rooms,
          serial_forest, infiniplex_forest_lined_room_2,
          infiniplex_forest_straight_3, infiniplex_forest_straight_2,
          infiniplex_forest_clump_C, infiniplex_forest_split,
          infiniplex_forest_diagonal, infiniplex_forest_clump_small,
          minmay_rat_gold_closets
D:2:      layout_basic, serial_shops, shop, serial_co_window_serial,
          co_window_corner_a, co_window_corner_a, co_window_paths_a,
          co_window_corner_a, co_window_corner_a, co_window_paths_b,
          co_window_corner_a, co_window_paths_a, co_window_paths_a,
          co_window_2corner, co_window_unsneaky_path_c, co_window_corner_b,
          co_window_unsneaky_path_d, glass_columns_a, glass_columns_a,
          glass_columns_b, glass_columns_a, glass_columns_a,
          kennysheep_generic_room_16
D:3:      layout_basic, gammafunk_ghost_abyssal_escape,
          ebering_ecumenical_altar_ruins, minmay_shallow_snake_nest
D:4:      layout_loops_corners, nicolae_ru_path_of_blood,
          ebering_ghost_reflecting_pool, uniq_pikel
D:5:      layout_rooms, mainiacjoe_overflow_alcove_2,
          minmay_temple_entry_butterflies, chequers_serial_rivers_micro_c
D:6:      layout_loops_ring, corner_web_ring, minivault_4, uniq_menkaure,
          uniq_sigmund
D:7:      due_chaos_kobolds, layout_loops_corners, nicolae_elyvilon_temple_path,
          uniq_maggie
D:8:      layout_basic, serial_shops, nicolae_shop_hallway_stairs, uniq_joseph,
          uniq_gastronok
Temple:   eino_temple_scatter_basement

Skill      XL: |  1  2  3  4  5  6  7  8  9 10 |
---------------+-------------------------------+-----
Dodging        | 2 3 4 5 |  5.3
Fighting       | 2 3 |  3.7
Unarmed Combat | 4 5 6 8 10 11 | 11.0
Translocations | 3 4 5 6 |  6.2
Stealth        | 1 2 3 |  3.0
Armour         | 2 |  2.8
Throwing       | |  0.8
Shields        | |  0.8
Spellcasting   | |  1.7
Evocations     | |  0.6

Action                   |  1- 3 |  4- 6 |  7- 9 | 10-12 || total
-------------------------+-------+-------+-------+-------++-------
Melee: Unarmed           |   102 |    25 |   410 |   138 ||   675
       Punch             |     2 |     2 |    14 |     8 ||    26
Throw: Dart              |       |       |       |     3 ||     3
 Cast: Teleport Other    |       |       |     5 |       ||     5
Evoke: Wand              |       |       |     1 |     5 ||     6
  Use: Scroll            |       |       |       |     7 ||     7
       Potion            |       |       |       |     5 ||     5
 Stab: Sleeping          |     1 |       |     8 |     2 ||    11
       Distracted        |       |       |       |     1 ||     1
Armor: Robe              |    30 |     6 |    84 |    17 ||   137
Dodge: Dodged            |    51 |    17 |   170 |    53 ||   291
Block: Other             |       |       |     2 |    16 ||    18

Table legend: (Time is in decaauts)
 A = Elapsed time spent in this place.
 B = Non-inter-level travel time spent in this place.
 C = Inter-level travel time spent in this place.
 D = Time resting spent in this place.
 E = Time spent auto-exploring this place.
 F = Levels seen in this place.
 G = Mean time per level.
                   A        B        C        D        E       F      G
               +--------+--------+--------+--------+--------+-----+--------+
         Total |   8243 |   7821 |    422 |    436 |   5575 |   9 |  915.9 |
       Dungeon |   8068 |   7659 |    409 |    436 |   5427 |   8 | 1008.5 |
        Temple |    175 |    162 |     13 |      0 |    148 |   1 |  175.0 |
               +--------+--------+--------+--------+--------+-----+--------+

Top non-repeatable levels by time:
     D:7: 1625 daAuts
     D:6: 1294 daAuts
     D:3: 985 daAuts
     D:4: 955 daAuts
     D:2: 827 daAuts
     D:1: 811 daAuts
     D:5: 793 daAuts
     D:8: 774 daAuts
  Temple: 175 daAuts
